 Dungeon Crawl Stone Soup version 0.29.1 (webtiles) character file.

Game seed: 4487269029478609789

93 xian the Covert (level 4, 0/31 HPs)
             Began as an Octopode Delver on Sept 13, 2022.
             Killed by nerve-wracking pain
             ... invoked by Grinder
              (9 damage)
             ... on level 3 of the Dungeon.
             The game lasted 00:02:27 (527 turns).

xian the Covert (Octopode Delver)                    Turns: 527, Time: 00:02:27

Health: 0/31       AC:  1    Str: 13    XL:     4   Next: 62%
Magic:  4/4        EV: 13    Int: 12    God:
Gold:   110        SH:  0    Dex: 13    Spells: 3/3 levels left

rFire   . . .      SeeInvis .   a - +0 hand axe
rCold   . . .      Faith    .   (no shield)
rNeg    . . .      Spirit   .   (helmet restricted)
rPois   .          Reflect  .   (no amulet)
rElec   .          Harm     .   h - ring of wizardry
rCorr   .          Rampage  .   (no ring)
Will    .....                   (no ring)
Stlth   +++++.....              (no ring)
HPRegen 0.10/turn               (no ring)
MPRegen 0.09/turn               (no ring)
                                (no ring)
                                (no ring)

@: hasted, very quick
A: almost no armour, amphibious, 8 rings, camouflage 1, gelatinous body 1,
(nimble swimmer 1), tentacles
a: no special abilities


You were on level 3 of the Dungeon.
You visited 1 branch of the dungeon, and saw 3 of its levels.

You collected 110 gold pieces.

Inventory:

Hand Weapons
 a - a +0 hand axe (weapon)
Jewellery
 h - a ring of wizardry (left tentacle)
Wands
 f - a wand of digging (3)
Scrolls
 b - 3 scrolls of fog
 c - a scroll of magic mapping
 d - 2 scrolls of fear
 g - a scroll of enchant weapon {unknown}
 i - a scroll of blinking {unknown}
 j - a scroll of brand weapon {unknown}
 k - a scroll of noise {unknown}
 l - a scroll of torment {unknown}
 m - 3 scrolls of teleportation {unknown}
 n - a scroll of amnesia {unknown}
 o - a scroll of identify {unknown}
 p - a scroll of vulnerability {unknown}


   Skills:
 + Level 3.4 Fighting
 + Level 2.3 Axes
 + Level 2.1 Dodging
 + Level 8.4 Stealth


You had 3 spell levels left.
You didn't know any spells.
Your spell library contained the following spells:

 Spells                   Type           Power      Damage    Failure   Level
 Blink                    Tloc           0%         N/A       21%         2
 Manifold Assault         Tloc           0%         N/A       97%         5
 Storm Form               Tmut/Air       0%         N/A       100%        7


Dungeon Overview and Level Annotations

Branches:
Dungeon (5/15)
 Temple: D:4-7

Altars:
Uskayaw
Yredelemnul

Annotations:
D:3 Grinder


Innate Abilities, Weirdness & Mutations

You cannot wear most types of armour.
You are amphibious.
You can wear up to eight rings at the same time.
Your skin changes colour to match your surroundings (Stealth+).
Your rubbery body absorbs attacks. (AC +1, EV +1)
((You are camouflaged when in or above water. (Stealth+)))
You have tentacles for arms and can constrict up to eight enemies at once.


Message History

You slash the goblin!
You kill the goblin!
You see here a +0 dagger.
There is a stone staircase leading down here.
Grinder comes into view.
Grinder shouts!
Grinder says, "Tell me all your secrets, or I'll kill you."
Grinder gestures at you. You resist with significant effort.
You open the door.
Found a stone staircase leading up.
A kobold comes into view. It is wielding a +0 dagger.
Found a scroll labelled EFIEQOKHLOR.
There is an open door here.
Grinder hits you.
You writhe in agony.
You hit Grinder. You grab Grinder.
Grinder is lightly wounded.
You constrict Grinder. Grinder misses you.
You barely miss Grinder. You squeeze Grinder.
Grinder is moderately wounded.
You constrict Grinder. Grinder hits you!
You hit Grinder but do no damage.
Grinder is moderately wounded.
You constrict Grinder. Grinder gestures at you.
You resist with significant effort.
You hit Grinder.
Grinder is heavily wounded.
You constrict Grinder. Grinder hits you.
* * * LOW HITPOINT WARNING * * *
You writhe in agony.
* * * LOW HITPOINT WARNING * * *
Grinder closely misses you.
You feel yourself speed up.
You constrict Grinder.
Grinder blinks free!
You hit Grinder. You grab Grinder.
Grinder is severely wounded.
You constrict Grinder. Grinder gestures at you. Pain shoots through your body!
You die...

########.#.#.#.#.#.#
.........#.#.#.#.#.#
+.........#.#.#.#.#†#
#.######..#.#)#.#.#.#
#.(.......#.#.#.#.#.#
####...##.#.#.#.#.#.##
#...##...#...#....#
#...##.#########..#
#5..##@...........#
+...'5.......>....#
#...##.##.###'#####
#...##.##.# #.#
#...##.##.# #.# .<.?.
#.##.###.# ≈≈#...
#.##.##..# ≈.≈####
#.##..^.## ≈K
#.##..###


You could see Grinder.

Vanquished Creatures
  A scorpion (D:5)
  An iguana (D:5)
  An orc (D:5)
  2 goblins
  A quokka (D:3)
  A ball python (D:4)
  A kobold (D:4)
8 creatures vanquished.

Notes
Turn   | Place    | Note
-------+----------+-------------------------------------------
     0 | D:5      | xian the Octopode Delver began the quest for the Orb.
     0 | D:5      | Reached XP level 1. HP: 16/16 MP: 1/1
    50 | D:5      | Noticed a scorpion
    54 | D:5      | Killed a scorpion
    55 | D:5      | Reached skill level 8 in Stealth
    55 | D:5      | Reached XP level 2. HP: 21/21 MP: 2/2
    55 | D:5      | Reached XP level 3. HP: 26/26 MP: 3/3
    55 | D:5      | Reached XP level 4. HP: 31/31 MP: 4/4
   252 | D:4      | Found a basalt altar of Yredelemnul.
   299 | D:4      | Found a hide-covered altar of Uskayaw.
   501 | D:3      | Noticed Grinder
   527 | D:3      | Killed from afar by Grinder

Illustrated notes

Levels and vault maps discovered:
D:3:      layout_basic, minivault_27, chequers_serial_rivers_micro_d,
          uniq_grinder, uniq_robin
D:4:      wander_river, layout_basic, amcnicky_altar_gilded,
          nicolae_uskayaw_suspiria
D:5:      layout_loops_ring, serial_rivers, chequers_serial_rivers_large_a,
          chequers_serial_rivers_micro_a, chequers_serial_rivers_micro_b,
          chequers_serial_rivers_small_b, chequers_serial_rivers_small_b,
          chequers_serial_rivers_micro_d

Skill      XL: |  1 |
---------------+----+-----
Stealth        | 8 |  8.4
Fighting       | |  3.4
Axes           | |  2.3
Dodging        | |  2.1

Action                   |  1- 3 |  4- 6 || total
-------------------------+-------+-------++-------
Melee: Hand axe          |     3 |    15 ||    18
       Constrict         |     1 |     3 ||     4
       Tentacles         |     1 |     3 ||     4
  Use: Potion            |       |     1 ||     1
 Stab: Sleeping          |     2 |     4 ||     6
Dodge: Dodged            |     1 |     5 ||     6
